 Dungeon Crawl Stone Soup version 0.26-a0-639-g72c4674329 (webtiles) character file.

Game seed: 11770295408242977734

35 Flugslaktarn the Skirmisher (level 3, 0/33 HPs)
             Began as a Minotaur Fighter on Sept 19, 2020.
             Killed from afar by an orc wizard (3 damage)
             ... with a magic dart
             ... on level 4 of the Dungeon.
             The game lasted 00:00:15 (346 turns).

Flugslaktarn the Skirmisher (Minotaur Fighter)       Turns: 346, Time: 00:00:16

Health: 0/33       AC:  8    Str: 21    XL:     3   Next: 17%
Magic:  2/2        EV:  5    Int:  5    God:
Gold:   13         SH: 14    Dex:  9    Spells: 2/2 levels left

rFire    . . .     SeeInvis .   a - +0 war axe
rCold    . . .     Faith    .   g - +0 tower shield
rNeg     . . .     Spirit   .   b - +0 scale mail
rPois    .         Reflect  .   (helmet restricted)
rElec    .         Harm     .   (no cloak)
rCorr    .         Rampage  .   (no gloves)
MR       .....                  f - +0 pair of boots
Stlth    ..........             (no amulet)
HPRegen  0.11/turn              (no ring)
MPRegen  0.08/turn              (no ring)

@: no status effects
A: retaliatory headbutt, horns 2
a: no special abilities


You were on level 4 of the Dungeon.
You visited 1 branch of the dungeon, and saw 4 of its levels.

You collected 13 gold pieces.

Inventory:

Hand Weapons
 a - a +0 war axe (weapon)
Armour
 b - a +0 scale mail (worn)
 c - a +0 kite shield
 f - a +0 pair of boots (worn)
   (You found it on level 2 of the Dungeon)
 g - a +0 tower shield (worn)
   (You found it on level 3 of the Dungeon)
Scrolls
 e - a scroll of teleportation {unknown}
Potions
 d - a potion of might
 h - a potion of lignification {unknown}


   Skills:
 * Level 4.2 Fighting
 * Level 3.2 Axes
 + Level 4.0 Armour
 + Level 3.9 Shields


You had 2 spell levels left.
You didn't know any spells.
Your spell library was empty.

Dungeon Overview and Level Annotations

Branches:
Dungeon (4/15)
 Temple: D:4-7

Altars:
Nemelex Xobeh


Innate Abilities, Weirdness & Mutations

You reflexively headbutt those who attack you in melee.
You have a pair of horns on your head.


Message History

Your Armour skill increases to level 4!
You barely miss the orc wizard.
The orc wizard hits you but does no damage.
You block the orc's attack. The orc wizard casts a spell at you.
The puff of flame hits you!
* * * LOW HITPOINT WARNING * * *
The orc wizard mumbles some strange words.
The orc wizard blinks!
You block the orc's attack.
You barely miss the orc.
The orc is almost dead.
You hit the orc wizard but do no damage.
The orc wizard mumbles some strange words.
The orc wizard blinks!
You block the orc wizard's attack. You block the orc's attack.
The orc wizard casts a spell at you. The puff of flame misses you.
The puff of flame hits the orc wizard.
The orc wizard casts a spell at you. The magic dart hits you.
You die...

## #####.##
#......##
#.###....>..##
#....o.)......
#o@...o.#
#<.....##
#.#...## #.
##.# #. .# ##
#


You could see 2 orc wizards and an orc.

Vanquished Creatures
  An orc priest (D:4)
  An orc (D:4)
  A goblin (D:2)
  A kobold (D:2)
  A bat (D:3)
  2 frilled lizards (D:1)
7 creatures vanquished.

Notes
Turn   | Place    | Note
-------+----------+-------------------------------------------
     0 | D:1      | Flugslaktarn the Minotaur Fighter began the quest for the
                  | Orb.
     0 | D:1      | Reached XP level 1. HP: 19/19 MP: 0/0
   190 | D:3      | Found a sparkling altar of Nemelex Xobeh.
   338 | D:4      | Noticed an orc wizard
   338 | D:4      | Noticed an orc priest
   338 | D:4      | Noticed an orc wizard
   342 | D:4      | Killed an orc priest
   342 | D:4      | Reached XP level 2. HP: 18/27 MP: 1/1
   342 | D:4      | Reached XP level 3. HP: 22/33 MP: 2/2
   346 | D:4      | Killed from afar by an orc wizard

Illustrated notes

Levels and vault maps discovered:
D:1:      denvon_arrival_planthouse, layout_basic, minmay_misc_feat_chi
D:2:      layout_loops_ring, overflow_temple_1_default, lemuel_round_altar,
          overflow_temple_1_default, st_stairs_8, uniq_jessica,
          uniq_crazy_yiuf_cottage
D:3:      layout_loops_corners, nemelex_xobeh_ov_fountains_minmay, minitemple,
          uniq_grinder
D:4:      layout_loops_cross

Skill      XL: |  1  2  3 |
---------------+----------+-----
Fighting       | 4 |  4.2
Axes           | 3 |  3.2
Armour         | 4 |  4.0
Shields        | |  3.9

Action                   || total
-------------------------++-------
Melee: War axe           ||    16
       Headbutt          ||     4
Armor: Scale mail        ||     9
Dodge: Dodged            ||     3
Block: Kite shield       ||     6
       Tower shield      ||    11

Table legend: (Time is in decaauts)
 A = Elapsed time spent in this place.
 B = Non-inter-level travel time spent in this place.
 C = Inter-level travel time spent in this place.
 D = Time resting spent in this place.
 E = Time spent auto-exploring this place.
 F = Levels seen in this place.
 G = Mean time per level.
                   A        B        C        D        E       F      G
               +--------+--------+--------+--------+--------+-----+--------+
         Total |    352 |    298 |     54 |      0 |    237 |   4 |   88.0 |
       Dungeon |    352 |    298 |     54 |      0 |    237 |   4 |   88.0 |
               +--------+--------+--------+--------+--------+-----+--------+

Top non-repeatable levels by time:
     D:3: 188 daAuts
     D:1: 112 daAuts
     D:2: 40 daAuts
     D:4: 11 daAuts
